[Event "Titled Tuesday Blitz October 11 Early 2022"]
[White "Shipov, Sergei"]
[Black "Jobava, Baadur"]
[WhiteFideId "4113624"]
[BlackFideId "13601520"]
[WhiteElo "2776"]
[BlackElo "2582"]
[Result "0-1"]
[Round "03"]
[TimeControl "180+1"]
[Date "2022.10.11"]
[WhiteClock "0:00:28"]
[BlackClock "0:00:11"]

1. d4 Nf6 2. c4 c5 3. d5 g6 4. Nc3 d6 5. e4 Bg7 6. Bd3 O-O 7. h3 e6 8. Bg5 h6 9. Be3 exd5 10. cxd5 Re8 11. Nf3 a6 12. a4 Nbd7 13. O-O Rb8 14. Qd2 Kh7 15. Rab1 b6 16. b4 cxb4 17. Rxb4 Nc5 18. Rfb1 Bd7 19. Bf4 Qc7 20. Bc2 Rec8 21. e5 Ne8 22. e6 Bxe6 23. Bxh6 Nb3 24. R4xb3 Bxc3 25. Qf4 Bxd5 26. Ng5+ Kg8 27. h4 Be5 28. Qd2 Qxc2 29. Qxd5 Qc1+ 30. Qd1 Qxd1+ 31. Rxd1 Rc4 32. Nf3 Rxa4 33. h5 gxh5 34. g3 Bf6 35. Rd5 b5 36. Rxh5 b4 37. Kg2 Rb5 38. Rxb5 axb5 39. Nd2 d5 40. Nf3 Bc3 41. Be3 Nd6 42. Bc5 Nc4 43. Nd4 Nd2 0-1


[Site "https://www.chess.com"]

[Event "Titled Tuesday Blitz October 11 Early 2022"]
[White "Shuvalov, Evgenij"]
[Black "Kravtsiv, Martyn"]
[WhiteFideId "4187237"]
[BlackFideId "14113147"]
[WhiteElo "2049"]
[BlackElo "2694"]
[Result "0-1"]
[Round "03"]
[TimeControl "180+1"]
[Date "2022.10.12"]
[WhiteClock "0:00:03"]
[BlackClock "0:00:43"]

1. d4 d5 2. c4 e6 3. cxd5 exd5 4. Nc3 Bb4 5. Nf3 Nf6 6. Bg5 Nbd7 7. e3 c5 8. a3 Bxc3+ 9. bxc3 Qa5 10. Qb3 Ne4 11. Rc1 O-O 12. Be2 cxd4 13. exd4 Nxg5 14. Nxg5 Re8 15. Qb2 Nb6 16. O-O Bf5 17. Bb5 Re7 18. Rfe1 Rxe1+ 19. Rxe1 h6 20. Nf3 Rc8 21. Re3 Rc7 22. h3 a6 23. Bf1 Na4 24. Qb4 Qxb4 25. cxb4 Rc1 26. g4 Be4 27. Nd2 Nc3 28. f3 Bg6 29. Kf2 Nd1+ 30. Ke2 Nxe3 31. Kxe3 Rc3+ 32. Kf4 Rxa3 33. h4 Bd3 34. Bh3 f6 35. g5 Kf7 36. Bc8 b6 37. Bb7 Ke6 38. Bc8+ Kd6 39. Bf5 Bxf5 40. Kxf5 Rd3 41. Nb1 hxg5 42. h5 Rxf3+ 43. Kg6 Rh3 44. Nd2 g4 45. Nf1 g3 46. Ne3 Ke6 47. Ng2 Ke7 48. Nf4 Rh4 49. Ng2 Rh2 50. Ne3 g2 51. Nf5+ Kd7 52. Kxg7 g1=Q+ 53. Kxf6 Rf2 54. h6 Qg4 55. h7 Rxf5# 0-1


[Site "https://www.chess.com"]

[Event "Titled Tuesday Blitz October 11 Early 2022"]
[White "Siddharth, Jagadeesh"]
[Black "Shvedova, Alexandra"]
[WhiteFideId "5818320"]
[BlackFideId "54154782"]
[WhiteElo "2315"]
[BlackElo "2090"]
[Result "1-0"]
[Round "03"]
[TimeControl "180+1"]
[Date "2022.10.12"]
[WhiteClock "0:00:11"]
[BlackClock "0:00:05"]

1. d4 Nf6 2. Nc3 d5 3. Bf4 a6 4. e3 e6 5. g4 Bd6 6. g5 Bxf4 7. gxf6 Bh6 8. fxg7 Bxg7 9. Bd3 b5 10. Qh5 Bb7 11. Nge2 Nd7 12. Rg1 Nf6 13. Qh4 Bf8 14. Nf4 Be7 15. Rg7 Qd6 16. O-O-O h5 17. Qg5 Ng4 18. Rg8+ Kd7 19. Rxa8 Bxg5 20. Rxh8 Nxf2 21. Rf1 Bxf4 22. exf4 Qxf4+ 23. Kb1 Qxh2 24. Rh7 Ke8 25. Be2 h4 26. Bh5 Qg2 27. Rc1 h3 28. Rxf7 Kd8 29. Rf8+ Ke7 30. Re8+ Kd7 31. Rf8 h2 32. Rf7+ Kd6 33. Bf3 Qg6 34. Rf8 Ke7 35. Rh8 Qg3 36. Rf1 Nh3 37. Bh1 Nf4 38. Rc1 Ng2 39. Rh7+ Kd6 40. Ne2 Qf2 41. Rxh2 Qxe2 42. Rxg2 Qe3 43. Rg4 Qh6 44. Rcg1 Kc6 45. Bf3 Kb6 46. Rg6 Qe3 47. Bg4 Bc8 48. Rc1 Qxd4 49. Bxe6 Bxe6 50. Rxe6+ Kb7 51. Ree1 Qf4 52. Rcd1 d4 53. Rd3 c5 54. Rdd1 Kc6 55. Rf1 Qe5 56. Rde1 Qg5 57. Re6+ Kd5 58. Ref6 Qg4 59. b3 Ke4 60. Rxa6 Ke3 61. Raf6 Kd2 62. R6f2+ Kc3 63. Rf3+ Kb4 64. c3+ dxc3 65. Rf4+ Qxf4 66. Rxf4+ Ka3 67. Rf5 c2+ 68. Kxc2 Kxa2 69. Rxc5 b4 70. Ra5# 1-0


[Site "https://www.chess.com"]

[Event "Titled Tuesday Blitz October 11 Early 2022"]
[White "Siva Mahadevan"]
[Black "Nakamura, Hikaru"]
[WhiteFideId "25043153"]
[BlackFideId "2016192"]
[WhiteElo "2249"]
[BlackElo "2909"]
[Result "0-1"]
[Round "03"]
[TimeControl "180+1"]
[Date "2022.10.11"]
[WhiteClock "0:00:11"]
[BlackClock "0:00:17"]

1. e4 g6 2. d4 Bg7 3. Nc3 a6 4. Bg5 b5 5. f4 Bb7 6. Nf3 d6 7. Bd3 Nd7 8. O-O c5 9. e5 Qb6 10. Be4 cxd4 11. Nd5 Bxd5 12. Bxd5 Rc8 13. Kh1 e6 14. Bb3 dxe5 15. fxe5 Nh6 16. Nxd4 Nxe5 17. Be3 Qc7 18. Nxe6 fxe6 19. Bxe6 Rd8 20. Qe2 Nf5 21. Bxf5 gxf5 22. Rxf5 Rd7 23. Bf4 Re7 24. Re1 Qd7 25. Bxe5 Qxf5 0-1


[Site "https://www.chess.com"]

[Event "Titled Tuesday Blitz October 11 Early 2022"]
[White "Skibbe, Willi"]
[Black "Salman, Pavel"]
[WhiteFideId "4682190"]
[BlackFideId "24153753"]
[WhiteElo "2312"]
[BlackElo "2187"]
[Result "0-1"]
[Round "03"]
[TimeControl "180+1"]
[Date "2022.10.12"]
[WhiteClock "0:02:20"]
[BlackClock "0:02:30"]

1. d4 Nf6 2. c4 c5 3. d5 b5 4. cxb5 a6 5. bxa6 g6 6. Nc3 Bg7 7. e4 O-O 8. Nf3 Qa5 9. Nd2 Bxa6 10. Bxa6 Qxa6 11. Qe2 e6 12. dxe6 fxe6 13. O-O Qxe2 14. Nxe2 Nc6 15. f3 d5 16. exd5 exd5 17. Nb3 Nd7 18. Nf4 c4 19. Nd2 Rxf4 0-1


[Site "https://www.chess.com"]

[Event "Titled Tuesday Blitz October 11 Early 2022"]
[White "Slaby, Jerzy"]
[Black "Podetti, Davide"]
[WhiteFideId "1121405"]
[BlackFideId "893617"]
[WhiteElo "2540"]
[BlackElo "2160"]
[Result "1-0"]
[Round "03"]
[TimeControl "180+1"]
[Date "2022.10.12"]
[WhiteClock "0:00:44"]
[BlackClock "0:00:20"]

1. e4 e5 2. Nf3 Nc6 3. Bb5 a6 4. Bxc6 dxc6 5. O-O f6 6. d4 exd4 7. Qxd4 Qxd4 8. Nxd4 Bd7 9. Nc3 O-O-O 10. Bf4 Ne7 11. Rfd1 Ng6 12. Bg3 h5 13. h4 Bb4 14. f3 Rhe8 15. Rd2 Ne5 16. Bxe5 Rxe5 17. Rad1 Ree8 18. Kf1 Bd6 19. Nde2 Be6 20. b3 g5 21. hxg5 fxg5 22. Nd4 Bd7 23. Nf5 Bf4 24. Rd3 Be5 25. Ne2 Be6 26. Kf2 Rxd3 27. Rxd3 Rf8 28. Ned4 Bd7 29. Ne7+ Kb8 30. Ng6 Re8 31. Nxe5 Rxe5 32. Ke3 c5 33. Ne2 Bc6 34. c4 Kc8 35. Nc3 b5 36. g3 b4 37. Nd5 Bxd5 38. cxd5 Kd7 39. f4 Re8 40. e5 h4 41. Ke4 h3 42. fxg5 Rh8 43. Rd1 h2 44. Rh1 a5 45. Kf5 a4 46. g6 Ke7 47. g7 Rg8 48. Kg6 axb3 49. axb3 c4 50. bxc4 b3 51. Rxh2 b2 52. Rxb2 1-0


[Site "https://www.chess.com"]

[Event "Titled Tuesday Blitz October 11 Early 2022"]
[White "Soto Vega, Jorge"]
[Black "Grot, Blazej"]
[WhiteFideId "3800580"]
[BlackFideId "21835845"]
[WhiteElo "2263"]
[BlackElo "1739"]
[Result "1-0"]
[Round "03"]
[TimeControl "180+1"]
[Date "2022.10.12"]
[WhiteClock "0:00:42"]
[BlackClock "0:00:16"]

1. e4 c5 2. Nf3 e6 3. c4 Nc6 4. Nc3 e5 5. g3 d6 6. Bg2 g6 7. O-O Bg7 8. d3 Nge7 9. a3 Be6 10. Ng5 Bd7 11. f4 O-O 12. Rb1 a5 13. Be3 Nd4 14. b4 axb4 15. axb4 b6 16. bxc5 bxc5 17. f5 gxf5 18. exf5 Nexf5 19. Bd2 Ra7 20. Qh5 h6 21. Nge4 Be6 22. Bh3 Qc8 23. g4 Ne7 24. Bxh6 Ng6 25. Nxd6 Qd7 26. Nf5 Bxf5 27. gxf5 Nxf5 28. Nd5 Nxh6 29. Bxd7 Rxd7 30. Qg5 Kh7 31. Kh1 Ra8 32. h4 Ra2 33. h5 Nf4 34. Rxf4 exf4 35. Rg1 f5 36. Qg6+ Kh8 37. Qe8+ Ng8 38. Qxd7 Bd4 39. Nxf4 Bxg1 40. Ng6# 1-0


[Site "https://www.chess.com"]

[Event "Titled Tuesday Blitz October 11 Early 2022"]
[White "Sowul, Bartosz"]
[Black "Osiecki, Stanislaw"]
[WhiteFideId "1137590"]
[BlackFideId "1102990"]
[WhiteElo "2188"]
[BlackElo "2088"]
[Result "1-0"]
[Round "03"]
[TimeControl "180+1"]
[Date "2022.10.12"]
[WhiteClock "0:01:40"]
[BlackClock "0:01:45"]

1. e4 e6 2. d4 d5 3. Nc3 Bb4 4. exd5 exd5 5. Bd3 Nc6 6. Nf3 Bg4 7. O-O Nxd4 8. Qe1+ Ne6 9. Ne5 Bh5 10. f4 d4 11. f5 Nc5 12. Nc6+ Ne7 13. Nxd8 Rxd8 14. a3 dxc3 15. axb4 Nxd3 16. cxd3 Rxd3 17. bxc3 Rd1 18. Qh4 Rxf1+ 19. Kxf1 g6 20. Rxa7 Nxf5 21. Qe4+ Kf8 22. g4 Nd6 23. Bh6+ 1-0


[Site "https://www.chess.com"]

[Event "Titled Tuesday Blitz October 11 Early 2022"]
[White "Srihari L R"]
[Black "Mitrabha, Guha"]
[WhiteFideId "46617116"]
[BlackFideId "5057000"]
[WhiteElo "2336"]
[BlackElo "2526"]
[Result "1/2-1/2"]
[Round "03"]
[TimeControl "180+1"]
[Date "2022.10.11"]
[WhiteClock "0:00:18"]
[BlackClock "0:00:51"]

1. Nf3 Nf6 2. c4 b6 3. g3 Bb7 4. Bg2 c5 5. O-O g6 6. b3 Bg7 7. Bb2 O-O 8. Nc3 Nc6 9. d4 Nxd4 10. Nxd4 Bxg2 11. Kxg2 cxd4 12. Qxd4 Qc8 13. Qd3 Qc6+ 14. Qf3 Rac8 15. Rfd1 a6 16. Rac1 d6 17. Nd5 Nxd5 18. cxd5 Qb5 19. Bxg7 Kxg7 20. Rc6 Rxc6 21. dxc6 Rc8 22. Rc1 d5 23. Qc3+ f6 24. e3 Rc7 25. a4 Qa5 26. Qd4 e5 27. Qg4 Qd2 28. Rd1 Qc2 29. Rxd5 Qxc6 30. e4 h5 31. Qd1 b5 32. axb5 axb5 33. Qd3 b4 34. Qb5 Qc3 35. Rd7+ Rxd7 36. Qxd7+ Kh6 37. Qe6 Qd3 38. Qxf6 Qxe4+ 39. Kg1 Qf5 40. Qd6 Qb1+ 41. Kg2 Qxb3 42. Qf8+ Kh7 43. Qe7+ Kg8 44. Qe8+ Kg7 45. Qe7+ Kh6 46. Qf8+ Kh7 47. Qe7+ Kh8 48. Qxe5+ Kg8 49. Qe8+ Kh7 50. Qe7+ Kh6 51. Qf8+ Kh7 52. Qe7+ Kh8 53. Qf8+ Kh7 54. Qe7+ 1/2-1/2


[Site "https://www.chess.com"]

[Event "Titled Tuesday Blitz October 11 Early 2022"]
[White "Storey, Charles H"]
[Black "Gubajdullin, Alexei"]
[WhiteFideId "406686"]
[BlackFideId "4141202"]
[WhiteElo "2252"]
[BlackElo "2200"]
[Result "0-1"]
[Round "03"]
[TimeControl "180+1"]
[Date "2022.10.12"]
[WhiteClock "0:00:01"]
[BlackClock "0:00:10"]

1. e4 g6 2. d4 Bg7 3. Nf3 d6 4. Nc3 Nf6 5. h3 O-O 6. Bg5 Nc6 7. Qd2 a6 8. g4 b5 9. Bd3 Bb7 10. a3 Na5 11. Bh6 Nc4 12. Bxc4 bxc4 13. Bxg7 Kxg7 14. Qe3 e5 15. dxe5 dxe5 16. g5 Nh5 17. Nxe5 Re8 18. f4 Qe7 19. O-O Rad8 20. Rae1 f6 21. Nxc4 fxg5 22. fxg5 Qe6 23. Nd2 Bc8 24. Kg2 Qxh3+ 25. Qxh3 Bxh3+ 26. Kxh3 Rxd2 27. Rd1 Red8 28. Rxd2 Rxd2 29. Rd1 Rxc2 30. Rd7+ Kf8 31. Rxc7 Rxb2 32. Nd5 Re2 33. Rc4 Ke8 34. Kg4 Kd7 35. Kf3 Re1 36. Kf2 Ra1 37. Rc7+ Kd6 38. Rxh7 Rxa3 39. Rh6 Ke5 40. Rxg6 Kxe4 41. Nf6+ Kf5 42. Rh6 Nf4 43. Nd7 Kxg5 44. Rc6 Kg4 45. Ne5+ Kf5 46. Nc4 Ra2+ 47. Ke3 Ne6 48. Kd3 a5 49. Kc3 a4 50. Kb4 Nf4 51. Ne3+ Ke4 52. Nc4 Nd5+ 53. Kc5 Nf4 54. Rh6 a3 55. Kb4 Nd3+ 56. Kb3 Ra1 57. Nxa3 Nc5+ 58. Kc4 Ne6 59. Nb5 Nf4 60. Rh4 Rc1+ 61. Nc3+ Kf5 62. Kd4 Ng6 0-1


[Site "https://www.chess.com"]

[Event "Titled Tuesday Blitz October 11 Early 2022"]
[White "Svane, Rasmus"]
[Black "Bethke, Richard"]
[WhiteFideId "4657101"]
[BlackFideId "12959243"]
[WhiteElo "2674"]
[BlackElo "2369"]
[Result "1-0"]
[Round "03"]
[TimeControl "180+1"]
[Date "2022.10.12"]
[WhiteClock "0:01:24"]
[BlackClock "0:01:10"]

1. Nf3 f5 2. d3 d6 3. e4 e5 4. Nc3 Nf6 5. exf5 Bxf5 6. d4 Nbd7 7. dxe5 Nxe5 8. Nd4 Qe7 9. Be3 Bd7 10. h3 c6 11. Qd2 O-O-O 12. O-O-O d5 13. Re1 Nf7 14. Bf4 Qb4 15. a3 Qb6 16. Na4 1-0


[Site "https://www.chess.com"]

[Event "Titled Tuesday Blitz October 11 Early 2022"]
[White "Tang, Andrew"]
[Black "Shuvalova, Polina"]
[WhiteFideId "2059630"]
[BlackFideId "24171760"]
[WhiteElo "2581"]
[BlackElo "2392"]
[Result "0-1"]
[Round "03"]
[TimeControl "180+1"]
[Date "2022.10.12"]
[WhiteClock "0:00:02"]
[BlackClock "0:00:04"]

1. d4 Nf6 2. c4 e6 3. Nc3 Bb4 4. Qc2 d6 5. Nf3 Nbd7 6. g3 b6 7. Bg2 Bb7 8. O-O O-O 9. Rd1 Bxc3 10. Qxc3 Be4 11. b4 a5 12. b5 Qc8 13. a4 Qb7 14. Ba3 e5 15. dxe5 Nxe5 16. c5 bxc5 17. Bxc5 Rfe8 18. Bd4 Nd5 19. Qb2 Nb4 20. Bxe5 dxe5 21. Rac1 c6 22. Nxe5 Bxg2 23. Rd7 Qc8 24. b6 Rb8 25. Rc7 Qe6 26. Nxf7 Bd5 27. Nh6+ Qxh6 28. b7 c5 29. R1xc5 Bxb7 30. h4 Rbc8 31. Rh5 Rxc7 32. Rxh6 gxh6 33. f3 Rce7 34. e4 Rf7 35. Kg2 Ref8 36. Qb3 Kg7 37. Qc3+ Kg8 38. Qc4 Nc6 39. Qd5 Nb4 40. Qe6 Kg7 41. Qe5+ Rf6 42. g4 Nd3 43. Qc3 Nf4+ 44. Kh2 Kg8 45. Qxa5 Ne6 46. Qb5 Bc8 47. a5 Rxf3 48. a6 Rf2+ 49. Kg1 Rf1+ 50. Kg2 R8f2+ 51. Kg3 Rf3+ 52. Kh2 R1f2+ 53. Kg1 Rf4 54. a7 Rf1+ 55. Kg2 R1f2+ 56. Kg1 Rf1+ 57. Kh2 R4f2+ 58. Kg3 Rf3+ 59. Kh2 R3f2+ 60. Kg3 Rf3+ 61. Kh2 Ra1 62. Qc6 Rxa7 63. Qxc8+ Nf8 64. Qc4+ Raf7 65. e5 Rf2+ 66. Kg3 Rf3+ 67. Kg2 Rf2+ 68. Kg3 Rf3+ 69. Kg2 Re3 70. Qd5 Re2+ 71. Kg3 Re3+ 72. Kg2 Kg7 73. Qd4 Re2+ 74. Kg1 Ne6 75. Qd6 Re1+ 76. Kh2 Re2+ 77. Kg3 Nf4 78. g5 hxg5 79. hxg5 Rg2+ 80. Kh4 Ng6+ 81. Kh5 Rh2+ 82. Kg4 Rh4+ 83. Kg3 Rhf4 84. e6 Re7 85. Qd5 Rf8 86. Qd4+ Kg8 87. Qd5 Rfe8 88. Kg4 Rxe6 89. Kh5 Kg7 90. Qd4+ Re5 91. Qc4 R8e7 92. Qb4 Re4 93. Qc3+ Kg8 94. Qg7+ Rxg7 95. Kh6 Rh4# 0-1


[Site "https://www.chess.com"]

[Event "Titled Tuesday Blitz October 11 Early 2022"]
[White "Tania, Sachdev"]
[Black "Lauridsen, Jesper Morch"]
[WhiteFideId "5007844"]
[BlackFideId "1401890"]
[WhiteElo "2306"]
[BlackElo "2173"]
[Result "1-0"]
[Round "03"]
[TimeControl "180+1"]
[Date "2022.10.12"]
[WhiteClock "0:01:07"]
[BlackClock "0:00:04"]

1. d4 d5 2. c4 e6 3. Nf3 c5 4. cxd5 exd5 5. Nc3 Nc6 6. g3 Nf6 7. Bg2 cxd4 8. Nxd4 Bc5 9. Nb3 Bb6 10. O-O d4 11. Nb5 O-O 12. Bxc6 bxc6 13. N5xd4 Re8 14. Nxc6 Qxd1 15. Rxd1 Rxe2 16. Nbd4 Re8 17. Bg5 Ne4 18. Be3 Bg4 19. Rdc1 h6 20. Nb5 Rac8 21. Bxb6 axb6 22. f3 Bd7 23. Nba7 Ng5 24. Nxc8 Bxc8 25. Ne7+ Rxe7 26. Rxc8+ Kh7 27. Kf2 Rd7 28. Re1 Rd2+ 29. Re2 Nh3+ 30. Ke1 Rxe2+ 31. Kxe2 Ng5 1-0


[Site "https://www.chess.com"]

[Event "Titled Tuesday Blitz October 11 Early 2022"]
[White "Terzi, Alexei"]
[Black "Urazayev, Arystanbek"]
[WhiteFideId "13505076"]
[BlackFideId "13709810"]
[WhiteElo "2172"]
[BlackElo "2441"]
[Result "1/2-1/2"]
[Round "03"]
[TimeControl "180+1"]
[Date "2022.10.11"]
[WhiteClock "0:01:02"]
[BlackClock "0:00:14"]

1. e4 e5 2. Nf3 Nc6 3. Bc4 Bc5 4. c3 Nf6 5. d3 d6 6. Bb3 h6 7. Nbd2 O-O 8. h3 a5 9. a4 Be6 10. Nf1 d5 11. Ng3 dxe4 12. dxe4 Bxb3 13. Qxb3 Qd3 14. Qb5 Rfd8 15. Qxd3 Rxd3 16. Ke2 Rad8 17. Bd2 Nh7 18. Rhd1 Nf8 19. Be1 Ne6 20. Rd2 Nf4+ 21. Kf1 Nxh3 22. gxh3 Rxf3 23. Rxd8+ Nxd8 24. Rd1 Ne6 25. Ke2 Rf6 26. Nh5 Rg6 27. Bd2 Rg2 28. Be3 Bxe3 29. Kxe3 Rh2 30. Rd5 Rxh3+ 31. Ng3 h5 32. Kf3 h4 33. Kg4 hxg3 34. Kxh3 Nf4+ 35. Kxg3 Nxd5 36. exd5 Kf8 37. b4 b6 38. bxa5 bxa5 39. c4 f5 40. c5 Ke7 41. Kf3 g5 42. Ke3 g4 43. Kd3 Kd7 44. Ke3 Ke7 45. Kd3 Kf6 46. Ke3 Ke7 1/2-1/2


[Site "https://www.chess.com"]

[Event "Titled Tuesday Blitz October 11 Early 2022"]
[White "Tharushi, T H D Niklesha"]
[Black "Sovetbekova, Nurai"]
[WhiteFideId "9918264"]
[BlackFideId "13801910"]
[WhiteElo "1596"]
[BlackElo "1925"]
[Result "0-1"]
[Round "03"]
[TimeControl "180+1"]
[Date "2022.10.12"]
[WhiteClock "0:01:32"]
[BlackClock "0:01:03"]

1. e4 c5 2. Nf3 d6 3. d4 cxd4 4. Nxd4 Nf6 5. Nc3 a6 6. Bg5 e6 7. f4 Be7 8. Qf3 Qc7 9. O-O-O Nbd7 10. Bd3 b5 11. Rhe1 Bb7 12. Qg3 h6 13. Qh3 O-O-O 14. Bh4 Nc5 15. f5 e5 16. Nb3 Nxb3+ 17. axb3 Kb8 18. Qf3 Rc8 19. g4 Nxe4 0-1


[Site "https://www.chess.com"]

[Event "Titled Tuesday Blitz October 11 Early 2022"]
[White "Tiarks, Jann-Christian"]
[Black "Yaniuk, Volodymyr"]
[WhiteFideId "12951595"]
[BlackFideId "14133083"]
[WhiteElo "2194"]
[BlackElo "2141"]
[Result "1-0"]
[Round "03"]
[TimeControl "180+1"]
[Date "2022.10.12"]
[WhiteClock "0:00:06"]
[BlackClock "0:00:03"]

1. e4 e5 2. Nf3 Nc6 3. d4 exd4 4. Nxd4 Nf6 5. Nxc6 bxc6 6. e5 Qe7 7. Qe2 Nd5 8. c4 Nb6 9. b3 Qe6 10. Bb2 Bb4+ 11. Nd2 a5 12. Qe4 a4 13. Be2 f5 14. Qc2 axb3 15. axb3 Rxa1+ 16. Bxa1 O-O 17. O-O d5 18. Nf3 dxc4 19. bxc4 Bc5 20. Re1 Ba6 21. Bd4 Bxd4 22. Nxd4 Qxe5 23. Nxc6 Qc5 24. Bf3 Bxc4 25. h4 h6 26. h5 Kh8 27. Ne7 Kh7 28. Ng6 Rf6 29. Re8 Rxg6 30. hxg6+ Kxg6 31. Qc3 Nd5 32. Qe5 Qb5 33. Bh5+ Kxh5 34. Qxf5+ g5 35. Qh3+ Kg6 36. Qe6+ Nf6 37. Rg8+ Kh5 38. Qh3# 1-0


[Site "https://www.chess.com"]

[Event "Titled Tuesday Blitz October 11 Early 2022"]
[White "Titichoca Daza, Daniel"]
[Black "Mikhailovsky, Vladimir"]
[WhiteFideId "3309550"]
[BlackFideId "34105414"]
[WhiteElo "2105"]
[BlackElo "2297"]
[Result "1-0"]
[Round "03"]
[TimeControl "180+1"]
[Date "2022.10.12"]
[WhiteClock "0:01:34"]
[BlackClock "0:00:01"]

1. Nf3 d5 2. c4 e6 3. e3 Nf6 4. Nc3 Nbd7 5. b3 b6 6. Bb2 Bb7 7. cxd5 exd5 8. d4 Bd6 9. Bd3 O-O 10. O-O a6 11. Ne2 Qe7 12. Ng3 g6 13. Rc1 Ne4 14. Qc2 Rac8 15. Qe2 Ra8 16. Rc2 f6 17. Rfc1 Kg7 18. Rxc7 Bxc7 19. Rxc7 Rfb8 20. Bxe4 dxe4 21. Ng5 fxg5 22. d5+ Kg8 23. Qd2 Bc8 24. h4 Rb7 25. d6 Qe6 26. Qd4 Ne5 27. Nxe4 Rxc7 28. dxc7 Bb7 29. Qd8+ Qe8 30. Nf6+ Kf7 31. Nxe8 Rxd8 32. cxd8=Q 1-0


[Site "https://www.chess.com"]

[Event "Titled Tuesday Blitz October 11 Early 2022"]
[White "Tologon tegin, Semetei"]
[Black "Blokhin, Sofia"]
[WhiteFideId "13800574"]
[BlackFideId "4508190"]
[WhiteElo "2282"]
[BlackElo "2005"]
[Result "1-0"]
[Round "03"]
[TimeControl "180+1"]
[Date "2022.10.12"]
[WhiteClock "0:00:16"]
[BlackClock "0:00:05"]

1. Nf3 e6 2. c4 f5 3. Nc3 Nf6 4. d3 Be7 5. e4 fxe4 6. dxe4 d6 7. e5 Nfd7 8. Bf4 O-O 9. Bg3 dxe5 10. Nxe5 Nxe5 11. Qxd8 Nf3+ 12. gxf3 Rxd8 13. Bxc7 Rf8 14. Be2 Nc6 15. O-O-O Bg5+ 16. Kb1 Bf6 17. f4 Nd4 18. Bg4 Nf5 19. Ne4 Be7 20. Be5 b6 21. Rhe1 Ba6 22. b3 Rad8 23. Ng5 Bxg5 24. fxg5 Bb7 25. Bc7 Rc8 26. Be5 Rcd8 27. Bc3 h5 28. Bxh5 Nh4 29. Rxd8 Rxd8 30. Rxe6 Rf8 31. Re7 Rxf2 32. Rxg7+ Kf8 33. Rxb7 Rf1+ 34. Kb2 Rf2+ 35. Ka3 Rxh2 36. Bf6 Nf5 37. Rb8# 1-0


[Site "https://www.chess.com"]

[Event "Titled Tuesday Blitz October 11 Early 2022"]
[White "Toncheva, Nadya"]
[Black "Kiseljova, Marya"]
[WhiteFideId "2924056"]
[BlackFideId "4155009"]
[WhiteElo "2101"]
[BlackElo "1931"]
[Result "1-0"]
[Round "03"]
[TimeControl "180+1"]
[Date "2022.10.12"]
[WhiteClock "0:00:12"]
[BlackClock "0:00:11"]

1. e4 c5 2. Nf3 Nc6 3. Bb5 g6 4. c3 Bg7 5. d4 cxd4 6. cxd4 Nf6 7. Nc3 O-O 8. d5 Nb8 9. O-O d6 10. h3 a6 11. Bd3 Nbd7 12. Be3 b5 13. a4 b4 14. Nb1 a5 15. Qe2 Nc5 16. Bxc5 dxc5 17. Nbd2 Nd7 18. Rac1 Bxb2 19. Rc2 Bc3 20. Nb3 Qb6 21. h4 Ba6 22. Bxa6 Qxa6 23. Qe3 Rfc8 24. e5 Qc4 25. e6 Qxb3 26. exd7 Rd8 27. Rfc1 Rxd7 28. Qxc5 Qxd5 29. Qe3 Rad8 30. Ng5 h6 31. Ne4 Qd4 32. Qf3 Qg7 33. h5 g5 34. Nxc3 bxc3 35. Rxc3 Rd4 36. Rc8 Rxc8 37. Rxc8+ Kh7 38. Qf5+ Qg6 39. hxg6+ fxg6 40. Qf7# 1-0


[Site "https://www.chess.com"]

[Event "Titled Tuesday Blitz October 11 Early 2022"]
[White "Tristan, Leonardo"]
[Black "Ibarra Jerez, Jose Carlos"]
[WhiteFideId "113816"]
[BlackFideId "2226332"]
[WhiteElo "2446"]
[BlackElo "2627"]
[Result "0-1"]
[Round "03"]
[TimeControl "180+1"]
[Date "2022.10.11"]
[WhiteClock "0:00:58"]
[BlackClock "0:01:36"]

1. d4 Nf6 2. Nf3 d5 3. Bf4 c5 4. e3 Nc6 5. Nbd2 e6 6. c3 cxd4 7. exd4 Nh5 8. Be3 Bd6 9. Ne5 g6 10. Nd3 Qc7 11. g3 O-O 12. Bg2 f6 13. O-O Ng7 14. Re1 Qf7 15. Qb3 Na5 16. Qa4 b6 17. b4 Bd7 18. Qd1 Nc6 19. Qb3 Rac8 20. a4 g5 21. a5 Nf5 22. axb6 axb6 23. Ra6 Rb8 24. c4 Ncxd4 25. Bxd4 Nxd4 26. Qb2 Nf5 27. c5 bxc5 28. g4 Bb5 29. gxf5 Bxa6 30. fxe6 Qh5 31. Bxd5 Qxh2+ 0-1


[Site "https://www.chess.com"]

[Event "Titled Tuesday Blitz October 11 Early 2022"]
[White "Tsaruk, Maksim"]
[Black "Ronka, Erik"]
[WhiteFideId "13511173"]
[BlackFideId "505080"]
[WhiteElo "2273"]
[BlackElo "2264"]
[Result "1-0"]
[Round "03"]
[TimeControl "180+1"]
[Date "2022.10.12"]
[WhiteClock "0:00:03"]
[BlackClock "0:00:01"]

1. d4 d5 2. Nf3 Nf6 3. c4 e6 4. g3 dxc4 5. Bg2 a6 6. Ne5 Bb4+ 7. Nc3 Nd5 8. Bd2 Nb6 9. O-O O-O 10. Ne4 a5 11. a3 Bxd2 12. Qxd2 N8d7 13. Nxd7 Nxd7 14. Rac1 Nb6 15. Nc5 c6 16. Qf4 Re8 17. Rfd1 Qf6 18. Qxf6 gxf6 19. e3 Rb8 20. Bf1 Kf8 21. h4 Ke7 22. Bxc4 Nxc4 23. Rxc4 b6 24. Nd3 Bb7 25. Nf4 Rec8 26. Rdc1 c5 27. dxc5 Ba6 28. R4c2 bxc5 29. Kh2 c4 30. Rd2 Rb3 31. Ne2 Rcb8 32. Rcc2 Rd8 33. Nd4 Rb6 34. g4 Kf8 35. Kg3 Ke7 36. f3 Rdb8 37. h5 Kf8 38. Rf2 h6 39. Rfd2 Ke7 40. Ne2 Rd8 41. Rxd8 Kxd8 42. Rd2+ Ke7 43. Nc3 Rb8 44. Kf2 Bb7 45. e4 Bc6 46. Ke3 Rg8 47. Ne2 Rb8 48. Rc2 Bd7 49. Nd4 Be8 50. Kd2 a4 51. Kc3 Rc8 52. Rd2 Rb8 53. Rc2 Rc8 54. Kd2 Kf8 55. Ne2 1-0


[Site "https://www.chess.com"]

[Event "Titled Tuesday Blitz October 11 Early 2022"]
[White "Vachylia, Andrii"]
[Black "Tymrakiewicz, Rafal"]
[WhiteFideId "14137224"]
[BlackFideId "1108832"]
[WhiteElo "2318"]
[BlackElo "2138"]
[Result "0-1"]
[Round "03"]
[TimeControl "180+1"]
[Date "2022.10.12"]
[WhiteClock "0:00:10"]
[BlackClock "0:00:06"]

1. e4 Nf6 2. Nc3 d5 3. e5 Ne4 4. Nce2 f6 5. d3 Ng5 6. f4 Nf7 7. Nf3 Bg4 8. d4 e6 9. Ng3 c5 10. c3 Nc6 11. Be3 Qb6 12. Qb3 Bxf3 13. gxf3 cxd4 14. cxd4 Bb4+ 15. Kf2 fxe5 16. fxe5 O-O 17. Qd3 Nfxe5 18. dxe5 d4 19. Bg5 Nxe5 20. Qe4 Nxf3 21. Bf4 Ng5 22. Qe5 Rxf4+ 23. Qxf4 Rf8 24. Qxf8+ Bxf8 25. Bd3 Qxb2+ 26. Ne2 Qd2 27. Rad1 Qe3+ 28. Kf1 Nh3 29. Kg2 Nf2 30. Bc4 Nxh1 31. Rxh1 d3 32. Ng3 Qd2+ 33. Kh3 Qh6+ 34. Kg2 Qd2+ 35. Kh3 g6 36. Rf1 Kg7 37. Bxe6 Bd6 38. Rf7+ Kh6 39. Rd7 Qf4 40. Bg8 Kg5 41. Bd5 Qg4+ 42. Kg2 Qxd7 43. Ne4+ Kf4 44. Nf2 Ke3 45. Bf3 d2 46. Nd1+ Kd4 47. Nf2 Qf5 48. Ne4 Qxe4 0-1


[Site "https://www.chess.com"]

[Event "Titled Tuesday Blitz October 11 Early 2022"]
[White "Vaibhav Jayant Raut"]
[Black "Bortnyk, Olexandr"]
[WhiteFideId "5089034"]
[BlackFideId "14120828"]
[WhiteElo "2147"]
[BlackElo "2723"]
[Result "0-1"]
[Round "03"]
[TimeControl "180+1"]
[Date "2022.10.11"]
[WhiteClock "0:00:04"]
[BlackClock "0:01:51"]

1. d4 d6 2. Nf3 Nf6 3. Bf4 b6 4. e3 Bb7 5. h3 Nbd7 6. Nbd2 e6 7. a4 a6 8. c3 h6 9. Be2 Be7 10. O-O g5 11. Bh2 g4 12. hxg4 Nxg4 13. e4 Nxh2 14. Kxh2 Nf6 15. Bd3 Ng4+ 16. Kg1 Rg8 17. Qe2 Bg5 18. Rfe1 h5 19. Nf1 Qf6 20. N1h2 Ke7 21. Nxg4 hxg4 22. Nxg5 Rxg5 23. g3 Rh8 24. Qe3 Rgh5 25. Kf1 Qf3 26. Qxf3 gxf3 0-1


[Site "https://www.chess.com"]